 Dungeon Crawl Stone Soup version 0.31-a0-692-gf03d1854d5 (webtiles) character file.

Game seed: 18221316449653134548

15 qw the Shooter (level 2, -1/17 HPs)
             Began as a Gargoyle Hunter on Sept 6, 2023.
             Slain by a hobgoblin (2 damage)
             ... on level 1 of the Dungeon.
             The game lasted 00:00:10 (492 turns).

qw the Shooter (Gargoyle Hunter)                     Turns: 492, Time: 00:00:10

Health: -1/17      AC:  5    Str: 14    XL:     2   Next: 50%
Magic:  2/2        EV:  8    Int:  9    God:
Gold:   79         SH:  0    Dex: 13    Spells: 1/1 levels left

rFire   . . .        a - +0 shortbow
rCold   . . .        (shield currently unavailable)
rNeg    + . .        c - +0 leather armour
rPois   inf          (no helmet)
rElec   +            (no cloak)
rCorr   .            (no gloves)
SInv    .            (no boots)
Will    .....        (no amulet)
Stlth   +            (no ring)
HPRegen 0.22/turn    (no ring)
MPRegen 0.08/turn

%: no passive effects
@: constricted
A: sickness immunity, AC +2, negative energy resistance 1, electricity
resistance, torment resistance 1, petrification resistance
a: no special abilities


You were on level 1 of the Dungeon.
You visited 1 branch of the dungeon, and saw 1 of its levels.

You collected 79 gold pieces.


Innate Abilities, Weirdness & Mutations

You are immune to sickness and miasma.
Your stone body is resilient. (AC +2)
You are immune to poison.
You resist negative energy. (rN+)
You are resistant to electric shocks. (rElec)
You are resistant to unholy torment.
You are immune to petrification.


   Skills:
 - Level 2.1 Fighting
 + Level 4.6 Ranged Weapons
 - Level 1.5 Dodging
 - Level 1.1 Stealth


You had one spell level left.
You didn't know any spells.
Your spell library was empty.

Inventory:

Hand Weapons
 a - a +0 shortbow (weapon)
Armour
 c - a +0 leather armour (worn)
Jewellery
 i - a +5 ring of evasion
Scrolls
 b - a scroll of butterflies
 h - a scroll of immolation {unknown}
Potions
 d - a potion of enlightenment {unknown}
 e - a potion of haste {unknown}
 f - a potion of attraction {unknown}
 g - a potion of heal wounds {unknown}
 j - a potion of curing {unknown}
 k - a potion of ambrosia {unknown}

Dungeon Overview and Level Annotations

Branches:
Dungeon (1/15)

Altars:


Message History

You kill the quokka!
A ball python comes into view.
You shoot an arrow. The arrow hits the ball python.
You kill the ball python!
Found 8 stones.
You now have 79 gold pieces (gained 13).
You see here 8 stones.
There is an open door here.
j - a yellow potion
Found a short sword.
Found 3 stones.
Enter note: You see here a +0 short sword.
k - a bubbling emerald potion You see here 3 stones.
A hobgoblin and a ball python come into view.
The hobgoblin shouts!
The ball python hisses angrily.
You see here a scroll labelled XUSHRU YCUET.
You shoot an arrow.
The arrow hits the hobgoblin but does no damage.
A bat comes into view.
The bat moves out of view.
You shoot an arrow. The arrow hits the hobgoblin.
The hobgoblin is heavily wounded.
The hobgoblin hits you.
You shoot an arrow. The arrow barely misses the hobgoblin.
The ball python bites you. The ball python misses you. The hobgoblin hits you.
The ball python barely misses you. The ball python grabs you.
The ball python constricts you.
You shoot an arrow. The arrow hits the ball python.
The ball python is heavily wounded.
The hobgoblin hits you. The ball python bites you.
The ball python constricts you. The hobgoblin hits you.
You shoot an arrow.
The arrow closely misses the ball python.
The bat hits you but does no damage. x2; The ball python barely misses you.
The ball python constricts you.
The ball python bites you but does no damage.
The ball python constricts you. The hobgoblin hits you.
You die...

. . $ . . . .
... .#.#.#. #.#.
#.#.#.# ...##
#.#.#.# #...
#.#.#.# #...
...###g#b..####.
###...
#......@........
......
.....#S#(.......
...... ...
#.#........
...... .
#.#).######
###### #.#..#
..# #.#..#.#.#
..#......#
####.##.#.#
#.......#


You could see a hobgoblin, a bat and a ball python.

Vanquished Creatures
  A ball python (D:1)
  A giant cockroach (D:1)
  2 goblins (D:1)
  2 hobgoblins (D:1)
  3 jackals (D:1)
  A kobold (D:1)
  A quokka (D:1)
  A frilled lizard (D:1)
12 creatures vanquished.

Notes
Turn   | Place    | Note
-------+----------+-------------------------------------------
     0 | D:1      | qw the Gargoyle Hunter began the quest for the Orb.
     0 | D:1      | Reached XP level 1. HP: 12/12 MP: 1/1
     0 | D:1      | 0 ||| qw: Version: 0.3-a-76-g4403597
     0 | D:1      | 0 ||| qw: Game counter: 145
     0 | D:1      | 0 ||| qw: Melee chars always use a shield: true
     0 | D:1      | 0 ||| qw: God list: Okawaru
     0 | D:1      | 0 ||| qw: Allow faded altars: false
     0 | D:1      | 0 ||| qw: Do Orc after clearing Dungeon:15 true
     0 | D:1      | 0 ||| qw: Do second Lair branch before Depths: true
     0 | D:1      | 0 ||| qw: Lair rune preference: random
     0 | D:1      | 0 ||| qw: Goals: Normal
     0 | D:1      | 0 ||| PLANNING D:1-11
    54 | D:1      | Found a faded altar of an unknown god.
   263 | D:1      | Reached XP level 2. HP: 17/17 MP: 2/2
   491 | D:1      | HP: 4/17 [ball python (1)]
   492 | D:1      | HP: 1/17 [constriction (1)]
   492 | D:1      | Slain by a hobgoblin

Levels and vault maps discovered:
D:1:      dpeg_arrival_lava_temple_mockup, layout_basic,
          hellmonk_ecumenical_altar_crossroads, st_stairs_13,
          serial_bayou_pond_e

Action                     || total
---------------------------++-------
   Fire: Shortbow          ||    38
 Armour: Leather armour    ||    16
  Dodge: Dodged            ||     8

Table legend:
 A = Non-vault XP
 B = Vault XP
 C = Vault XP percentage of total XP
 D = Non-vault monster count
 E = Vault monster count
 F = Vault count percentage of total count
                 A         B        C        D         E       F
            +---------+---------+-------+---------+---------+-------
      Total |      22 |       0 |   0.0 |      12 |       0 |   0.0
            +---------+---------+-------+---------+---------+-------
        D:1 |      22 |       0 |   0.0 |      12 |       0 |   0.0
            +---------+---------+-------+---------+---------+-------
